TOP OF THE 1ST |
Trois-Riveres Aigles batting - Pitching for Chester Pirates : LHP Stan Stirnweiss
|
Pitching: LHP Stan Stirnweiss
|
|
Batting: LHB Jonathan Spino
|
0-0: Swinging Strike 0-1: Ball 1-1: Ball 2-1: Foul Ball, location: 2F 2-2: Foul Ball, location: 2F 2-2: Ball 3-2: Ground out 3-1 (Groundball, 34, EV 95.6 MPH)
|
Batting: RHB Dave Galloway
|
0-0: DOUBLE (Line Drive, 89D, EV 105.0 MPH)
|
Batting: LHB Rich Matthews
|
0-0: Ball 1-0: Ball 2-0: SINGLE (Groundball, 34D, EV 97.5 MPH) Dave Galloway to third Runner from 3rd tries for Home, SAFE, throw by RF to home
|
Batting: RHB Alex Diaz
|
0-0: Ball 1-0: Foul Ball, location: 2F 1-1: Swinging Strike 1-2: Ground out 5-3 (Groundball, 56S, EV 70.6 MPH) Rich Matthews to second
|
Batting: RHB Josh Harmon
|
0-0: Foul Ball, location: 2F 0-1: Ball 1-1: Ball 2-1: Ball 3-1: Called Strike 3-2: Base on Balls
|
Batting: LHB Tony Zizumbo
|
0-0: Foul Ball, location: 2F 0-1: Ball 1-1: Called Strike 1-2: Foul Ball, location: 2F 1-2: Fielders Choice at 2nd, 6-4 (Groundball, 4M, EV 85.6 MPH)
|
Top of the 1st over - 1 run, 2 hits, 0 errors, 2 left on base; Trois-Riveres 1 - Chester 0 |
BOTTOM OF THE 1ST |
Chester Pirates batting - Pitching for Trois-Riveres Aigles : RHP Julian Black
|
Pitching: RHP Julian Black
|
|
Batting: RHB Terrence Wilson
|
0-0: Fly out, F3 (Popup, 3S, EV 81.9 MPH)
|
Batting: RHB Tim Moore
|
0-0: Ball 1-0: Swinging Strike 1-1: Ball 2-1: Ball 3-1: Base on Balls
|
Batting: RHB Jeff Edwards
|
0-0: Ball 1-0: Fly out, F7 (Flyball, 7S, EV 87.5 MPH)
|
Batting: SHB Don Hauk
|
0-0: Called Strike 0-1: Fielders Choice at 2nd, 6-4 (Groundball, 6D, EV 88.8 MPH)
|
Bottom of the 1st over - 0 runs, 0 hits, 0 errors, 1 left on base; Trois-Riveres 1 - Chester 0 |
TOP OF THE 2ND |
Trois-Riveres Aigles batting - Pitching for Chester Pirates : LHP Stan Stirnweiss
|
Batting: RHB John Downing
|
0-0: Fly out, F7 (Flyball, 7D, EV 91.2 MPH)
|
Batting: RHB Alex Koral
|
0-0: Called Strike 0-1: Foul Ball, location: 2F 0-2: Ball 1-2: Ball 2-2: Strikes out looking
|
Batting: RHB Wan-ling Zhu
|
0-0: Ball 1-0: Fly out, F8 (Flyball, 8LM, EV 88.8 MPH)
|
Top of the 2nd over - 0 runs, 0 hits, 0 errors, 0 left on base; Trois-Riveres 1 - Chester 0 |
BOTTOM OF THE 2ND |
Chester Pirates batting - Pitching for Trois-Riveres Aigles : RHP Julian Black
|
Batting: LHB Dustin Herman
|
0-0: Ball 1-0: Called Strike 1-1: Foul Ball, location: 2F 1-2: Foul Ball, location: 2F 1-2: Strikes out looking
|
Batting: LHB Chad Cutler
|
0-0: Ball 1-0: Called Strike 1-1: Ground out 1-3 (Groundball, P, EV 67.5 MPH)
|
Batting: RHB Dan Kurtz
|
0-0: Ball 1-0: Ball 2-0: Ball 3-0: Called Strike 3-1: Base on Balls
|
Batting: RHB Steve Terres
|
0-0: Fly out, F9 (Flyball, 89D, EV 84.4 MPH)
|
Bottom of the 2nd over - 0 runs, 0 hits, 0 errors, 1 left on base; Trois-Riveres 1 - Chester 0 |
TOP OF THE 3RD |
Trois-Riveres Aigles batting - Pitching for Chester Pirates : LHP Stan Stirnweiss
|
Batting: LHB Jonathan Spino
|
0-0: SINGLE (Groundball, 4MD, EV 102.5 MPH) (infield hit)
|
Batting: RHB Dave Galloway
|
0-0: Called Strike 0-1: Foul Ball, location: 2F 0-2: Ball 1-2: Foul Ball, location: 2F 1-2: Ball 2-2: Ball 3-2: Base on Balls Jonathan Spino to second
|
Batting: LHB Rich Matthews
|
0-0: Ball Wild Pitch! Jonathan Spino to third Dave Galloway to second 1-0: Fly out, F8 (Line Drive, 8RM, EV 93.8 MPH) Runner from 3rd tags up, SCORES, no throw by CF
|
Batting: RHB Alex Diaz
|
0-0: Foul Ball, location: 2F 0-1: Fly out, F8 (Flyball, 78D, EV 95.6 MPH) Runner from 2nd tags up, OUT at 3rd! 8-5
|
Top of the 3rd over - 1 run, 1 hit, 0 errors, 0 left on base; Trois-Riveres 2 - Chester 0 |
BOTTOM OF THE 3RD |
Chester Pirates batting - Pitching for Trois-Riveres Aigles : RHP Julian Black
|
Batting: RHB Erik Mulligan
|
0-0: Called Strike 0-1: Swinging Strike 0-2: Ball 1-2: Strikes out looking
|
Batting: RHB Terrence Wilson
|
0-0: Ball 1-0: Ball 2-0: Ball 3-0: Base on Balls
|
Batting: RHB Tim Moore
|
0-0: Called Strike 0-1: Fielders Choice at 2nd, 6-4 (Groundball, 56, EV 105.0 MPH)
|
Batting: RHB Jeff Edwards
|
0-0: Called Strike 0-1: Foul Ball, location: 2F 0-2: Ball 1-2: Ball 2-2: Ball 3-2: Strikes out looking
|
Bottom of the 3rd over - 0 runs, 0 hits, 0 errors, 1 left on base; Trois-Riveres 2 - Chester 0 |
TOP OF THE 4TH |
Trois-Riveres Aigles batting - Pitching for Chester Pirates : LHP Stan Stirnweiss
|
Batting: RHB Josh Harmon
|
0-0: Called Strike 0-1: Ball 1-1: Ground out 4-3 (Groundball, 4M, EV 82.5 MPH)
|
Batting: LHB Tony Zizumbo
|
0-0: Called Strike 0-1: Ground out 5-3 (Groundball, 56, EV 103.8 MPH)
|
Batting: RHB John Downing
|
0-0: Ball 1-0: Called Strike 1-1: SINGLE (Groundball, 4MS, EV 73.1 MPH) (infield hit)
|
Batting: RHB Alex Koral
|
0-0: Ball 1-0: Ball 2-0: Foul Ball, location: 2F 2-1: Called Strike 2-2: Ball 3-2: Foul Ball, location: 2F 3-2: Foul Ball, location: 2F 3-2: Foul Ball, location: 2F 3-2: Base on Balls John Downing to second
|
Batting: RHB Wan-ling Zhu
|
0-0: Ball 1-0: Fly out, F8 (Flyball, 89M, EV 86.2 MPH)
|
Top of the 4th over - 0 runs, 1 hit, 0 errors, 2 left on base; Trois-Riveres 2 - Chester 0 |
BOTTOM OF THE 4TH |
Chester Pirates batting - Pitching for Trois-Riveres Aigles : RHP Julian Black
|
Batting: SHB Don Hauk
|
0-0: Foul Ball, location: 2F 0-1: Ball 1-1: Foul Ball, location: 2F 1-2: Ball 2-2: SINGLE (Groundball, 4MD, EV 106.2 MPH)
|
Batting: LHB Dustin Herman
|
0-0: Ball 1-0: 2-RUN HOME RUN (Flyball, 9LD, EV 91.9 MPH), Distance : 351 ft
|
Batting: LHB Chad Cutler
|
0-0: Ball 1-0: SINGLE (Line Drive, 34D, EV 98.1 MPH)
|
Batting: RHB Dan Kurtz
|
0-0: Fly out, F4 (Flyball, 3D, EV 92.5 MPH)
|
Batting: RHB Steve Terres
|
0-0: Foul Ball, location: 2F 0-1: Ball 1-1: Foul Ball, location: 2F 1-2: Strikes out looking
|
Batting: RHB Erik Mulligan
|
0-0: Ball 1-0: Ball 2-0: Called Strike 2-1: Fly out, F7 (Flyball, 7LS, EV 81.2 MPH)
|
Bottom of the 4th over - 2 runs, 3 hits, 0 errors, 1 left on base; Trois-Riveres 2 - Chester 2 |
TOP OF THE 5TH |
Trois-Riveres Aigles batting - Pitching for Chester Pirates : LHP Stan Stirnweiss
|
Batting: LHB Jonathan Spino
|
0-0: Ball 1-0: SINGLE (Line Drive, 78S, EV 98.1 MPH)
|
Batting: RHB Dave Galloway
|
0-0: Foul Ball, location: 2F 0-1: Ball 1-1: Ball 2-1: Foul Ball, location: 2F 2-2: Foul Ball, location: 2F 2-2: Ball 3-2: Fly out, F4 (Flyball, 4D, EV 71.2 MPH)
|
Batting: LHB Rich Matthews
|
0-0: Ball 1-0: Called Strike 1-1: Ball 2-1: Foul Ball, location: 2F 2-2: Strikes out swinging
|
Batting: RHB Alex Diaz
|
0-0: Ball 1-0: Ground out 5-3 (Groundball, 56S, EV 79.4 MPH)
|
Top of the 5th over - 0 runs, 1 hit, 0 errors, 1 left on base; Trois-Riveres 2 - Chester 2 |
BOTTOM OF THE 5TH |
Chester Pirates batting - Pitching for Trois-Riveres Aigles : RHP Julian Black
|
Batting: RHB Terrence Wilson
|
0-0: Foul Ball, location: 2F 0-1: Ball 1-1: Swinging Strike 1-2: Ball 2-2: DOUBLE (Line Drive, 5D, EV 107.5 MPH)
|
Batting: RHB Tim Moore
|
0-0: Ball 1-0: Called Strike 1-1: Ball 2-1: Swinging Strike 2-2: Foul Ball, location: 2F 2-2: Foul Ball, location: 2F 2-2: 2-RUN HOME RUN (Line Drive, 7LD, EV 96.2 MPH), Distance : 353 ft
|
Batting: RHB Jeff Edwards
|
0-0: Swinging Strike 0-1: Ball 1-1: Called Strike 1-2: Fly out, F8 (Flyball, 78XD, EV 89.4 MPH)
|
Batting: SHB Don Hauk
|
0-0: Ball 1-0: DOUBLE (Flyball, 89D, EV 90.6 MPH)
|
Batting: LHB Dustin Herman
|
0-0: Ball 1-0: Called Strike 1-1: Foul Ball, location: 2F 1-2: SINGLE (Line Drive, 6MD, EV 105.6 MPH) Don Hauk to third Runner from 3rd tries for Home, SAFE, throw by CF to home
|
Batting: LHB Chad Cutler
|
0-0: Swinging Strike 0-1: Swinging Strike 0-2: Ball 1-2: Ball 2-2: Foul Ball, location: 2F 2-2: Foul Ball, location: 2F 2-2: Ball 3-2: Strikes out swinging
|
Batting: RHB Dan Kurtz
|
0-0: Ball 1-0: Ball 2-0: Foul Ball, location: 2F 2-1: Ball 3-1: Swinging Strike 3-2: Fly out, F7 (Line Drive, 7D, EV 97.5 MPH)
|
Bottom of the 5th over - 3 runs, 4 hits, 0 errors, 1 left on base; Trois-Riveres 2 - Chester 5 |
TOP OF THE 6TH |
Trois-Riveres Aigles batting - Pitching for Chester Pirates : LHP Stan Stirnweiss
|
Batting: RHB Josh Harmon
|
0-0: Foul Ball, location: 2F 0-1: Ball 1-1: Ball 2-1: Called Strike 2-2: Strikes out swinging
|
Batting: LHB Tony Zizumbo
|
0-0: Ball 1-0: Called Strike 1-1: Called Strike 1-2: Ball 2-2: Ball 3-2: Foul Ball, location: 2F 3-2: Strikes out swinging
|
Batting: RHB John Downing
|
0-0: Ball 1-0: Foul Ball, location: 2F 1-1: Swinging Strike 1-2: Foul Ball, location: 2F 1-2: SINGLE (Line Drive, 89M, EV 103.8 MPH)
|
Batting: RHB Alex Koral
|
0-0: Ball 1-0: Swinging Strike 1-1: Called Strike 1-2: Strikes out looking
|
Top of the 6th over - 0 runs, 1 hit, 0 errors, 1 left on base; Trois-Riveres 2 - Chester 5 |
BOTTOM OF THE 6TH |
Chester Pirates batting - Pitching for Trois-Riveres Aigles : RHP Julian Black
|
Batting: RHB Steve Terres
|
0-0: Fly out, F2 (Popup, 23F, EV 88.8 MPH)
|
Batting: RHB Erik Mulligan
|
0-0: Called Strike 0-1: Ground out 6-3 (Groundball, 6, EV 91.2 MPH)
|
Batting: RHB Terrence Wilson
|
0-0: Ball 1-0: Foul Ball, location: 2F 1-1: Foul Ball, location: 2F 1-2: Ball 2-2: Foul Ball, location: 2F 2-2: Fly out, F3 (Line Drive, 3, EV 61.9 MPH)
|
Bottom of the 6th over - 0 runs, 0 hits, 0 errors, 0 left on base; Trois-Riveres 2 - Chester 5 |
TOP OF THE 7TH |
Trois-Riveres Aigles batting - Pitching for Chester Pirates : LHP Stan Stirnweiss
|
Batting: RHB Wan-ling Zhu
|
0-0: Called Strike 0-1: Called Strike 0-2: Strikes out swinging
|
Batting: LHB Jonathan Spino
|
0-0: Ball 1-0: Foul Ball, location: 2F 1-1: Foul Ball, location: 2F 1-2: DOUBLE (Groundball, 3L, EV 105.6 MPH)
|
Batting: RHB Dave Galloway
|
0-0: Ground out 5-3 (Groundball, 56, EV 86.9 MPH)
|
Pitching: RHP Fred McIlrath
|
|
Batting: LHB Rich Matthews
|
0-0: Called Strike 0-1: Called Strike 0-2: Ball 1-2: Ground out 6-3 (Groundball, 6, EV 84.4 MPH)
|
Top of the 7th over - 0 runs, 1 hit, 0 errors, 1 left on base; Trois-Riveres 2 - Chester 5 |
BOTTOM OF THE 7TH |
Chester Pirates batting - Pitching for Trois-Riveres Aigles : RHP Julian Black
|
Pitching: LHP Ryan Folks
|
|
Batting: RHB Tim Moore
|
0-0: Called Strike 0-1: Ball 1-1: Fly out, F6 (Popup, 6MS, EV 83.8 MPH)
|
Batting: RHB Jeff Edwards
|
0-0: Foul Ball, location: 2F 0-1: Ball 1-1: Ball 2-1: Foul Ball, location: 2F 2-2: Ball 3-2: Strikes out swinging
|
Batting: SHB Don Hauk
|
0-0: Ball 1-0: Fly out, F9 (Flyball, 9D, EV 102.5 MPH)
|
Bottom of the 7th over - 0 runs, 0 hits, 0 errors, 0 left on base; Trois-Riveres 2 - Chester 5 |
TOP OF THE 8TH |
Trois-Riveres Aigles batting - Pitching for Chester Pirates : RHP Fred McIlrath
|
Batting: RHB Alex Diaz
|
0-0: Ball 1-0: Foul Ball, location: 2F 1-1: Called Strike 1-2: Fly out, F8 (Flyball, 8LM, EV 75.0 MPH)
|
Batting: LHB Dave Northam
|
0-0: Foul Ball, location: 2F 0-1: Swinging Strike 0-2: Ball 1-2: Ball 2-2: Ball 3-2: Base on Balls
|
Batting: LHB Tony Zizumbo
|
0-0: Foul Ball, location: 2F 0-1: Swinging Strike 0-2: Ball 1-2: Strikes out looking
|
Batting: RHB John Downing
|
0-0: Ball 1-0: Foul Ball, location: 2F 1-1: Ball 2-1: Called Strike 2-2: Ground out U3 (Groundball, 34, EV 86.2 MPH)
|
Top of the 8th over - 0 runs, 0 hits, 0 errors, 1 left on base; Trois-Riveres 2 - Chester 5 |
BOTTOM OF THE 8TH |
Chester Pirates batting - Pitching for Trois-Riveres Aigles : LHP Ryan Folks
|
Batting: LHB Dustin Herman
|
0-0: Foul Ball, location: 2F 0-1: Ball 1-1: Foul Ball, location: 2F 1-2: Strikes out swinging
|
Batting: LHB Chad Cutler
|
0-0: Ball 1-0: Ball 2-0: Called Strike 2-1: Foul Ball, location: 2F 2-2: DOUBLE (Flyball, 89D, EV 95.0 MPH)
|
Batting: RHB Dan Kurtz
|
0-0: Ball 1-0: Ball 2-0: Ball 3-0: Called Strike 3-1: Called Strike 3-2: Strikes out swinging
|
Batting: RHB Steve Terres
|
0-0: Foul Ball, location: 2F 0-1: Ball 1-1: Ball 2-1: Called Strike 2-2: Ball 3-2: Foul Ball, location: 2F 3-2: Strikes out looking
|
Bottom of the 8th over - 0 runs, 1 hit, 0 errors, 1 left on base; Trois-Riveres 2 - Chester 5 |
TOP OF THE 9TH |
Trois-Riveres Aigles batting - Pitching for Chester Pirates : RHP Fred McIlrath
|
Pitching: RHP Tony Ortiz
|
|
Batting: RHB Alex Koral
|
0-0: Swinging Strike 0-1: Called Strike 0-2: Ball 1-2: Ball 2-2: Strikes out swinging
|
Pinch Hitting: LHB Sean Banks
|
0-0: Ball 1-0: Called Strike 1-1: Foul Ball, location: 2F 1-2: Fly out, F7 (Flyball, 78XD, EV 108.1 MPH)
|
Batting: LHB Jonathan Spino
|
0-0: Ball 1-0: Foul Ball, location: 2F 1-1: Foul Ball, location: 2F 1-2: Ball 2-2: Strikes out swinging
|
Top of the 9th over - 0 runs, 0 hits, 0 errors, 0 left on base; Trois-Riveres 2 - Chester 5 |
|